Map: Frozen Temple

Players

llllllllllll - Winner!

  • Race: Protoss Protoss
  • League: Diamond

JPlex

  • Race: Terran Terran
  • League: Diamond

VOD

Have the link to the VOD?

Description

Time

  • Played on: Aug. 18, 2016, 7:42 p.m.
  • Length: 18:13
Show
View Real Time Build Order
Export as new Build Order

llllllllllll Protoss - Winner!

Build Orders: Colossus Rush 

Get SALT Encoding   

  12  0:01  Probe (Chrono Boost)  
  13  0:12  Probe (Chrono Boost)  
  14  0:22  Probe (Chrono Boost), Pylon  
  15  0:40  Probe (Chrono Boost)  
  15  0:42  Gateway  
  16  0:50  Probe (Chrono Boost)  
  16  0:54  Assimilator  
  17  1:01  Probe (Chrono Boost)  
  18  1:05  Pylon  
  18  1:12  Probe (Chrono Boost)  
  19  1:22  Probe (Chrono Boost)  
  20  1:28  Cybernetics Core  
  21  1:33  Probe (Chrono Boost)  
  21  1:35  Zealot  
  21  1:37  Assimilator  
  23  1:50  Probe (Chrono Boost)  
  24  2:00  Stalker  
  25  2:02  Probe (Chrono Boost)  
  29  2:16  Mothership Core (Chrono Boost)  
  29  2:23  Nexus  
  29  2:36  Probe (Chrono Boost)  
  30  2:48  Probe (Chrono Boost)  
  31  2:56  Robotics Facility  
  31  2:57  Pylon  
  31  3:05  Robotics Facility  
  31  3:13  Pylon  
  31  3:17  Probe (Chrono Boost)  
  32  3:29  Adept, Probe (Chrono Boost)  
  35  3:39  Probe (Chrono Boost)  
  36  3:46  Probe (Chrono Boost)  
  37  3:50  Probe (Chrono Boost)  
  37  3:51  Observer  
  37  3:53  Adept  
  39  3:56  Forge  
  39  3:58  Probe (Chrono Boost)  
  39  4:00  Probe (Chrono Boost)  
  44  4:10  Probe (Chrono Boost)  
  44  4:13  Robotics Bay  
  44  4:15  Warp Prism  
  44  4:16  Adept  
  48  4:26  Warp Prism  
  48  4:30  Probe (Chrono Boost)  
  48  4:31  Probe (Chrono Boost)  
  52  4:35  Assimilator  
  52  4:38  Assimilator  
  52  4:43  Probe (Chrono Boost)  
  51  4:48  Pylon  
  51  4:52  Pylon  
  51  4:58  Immortal  
  55  5:07  Pylon  
  55  5:14  Immortal  
  59  5:36  Colossus  
  65  6:27  Colossus  
  65  6:31  Extended Thermal Lance  
  65  6:43  Pylon  
  65  6:44  Stalker, Pylon  
  65  6:49  Pylon  
  65  6:50  Pylon  
  65  6:52  Pylon  
  67  6:54  Gateway  
  67  6:59  Gateway  
  67  7:00  Colossus  
  73  7:10  Stalker  
  75  7:21  Disruptor  
  72  7:37  Stalker  
  72  7:42  Stalker  
  78  7:51  Probe (Chrono Boost)  
  78  7:53  Probe (Chrono Boost)  
  78  7:59  Nexus  
  78  8:01  Pylon  
  78  8:02  Probe (Chrono Boost)  
  78  8:05  Probe (Chrono Boost)  
  80  8:07  Disruptor x2  
  80  8:12  Probe (Chrono Boost)  
  87  8:17  Probe (Chrono Boost)  
  88  8:22  Stalker, Photon Cannon, Pylon  
  88  8:23  Probe (Chrono Boost)  
  88  8:25  Photon Cannon  
  91  8:27  Photon Cannon  
  91  8:29  Probe (Chrono Boost)  
  91  8:30  Photon Cannon  
  91  8:33  Probe (Chrono Boost)  
  93  8:41  Photon Cannon  
  93  8:43  Photon Cannon  
  93  8:57  Stalker  
  93  8:59  Colossus  
  93  9:02  Stalker  
  103  9:13  Stalker  
  105  9:20  Pylon  
  105  9:23  Stalker  
  105  9:28  Colossus  
  104  9:52  Stalker  
  104  9:53  Nexus  
  104  9:56  Stalker  
  104  9:59  Stalker  
  110  10:18  Warp Gate  
  110  10:19  Stalker  
  110  10:25  Probe (Chrono Boost)  
  110  10:26  Stalker  
  110  10:27  Probe x2 (Chrono Boost)  
  117  10:36  Probe (Chrono Boost)  
  117  10:39  Probe (Chrono Boost)  
  119  10:47  Probe (Chrono Boost)  
  121  10:51  Probe (Chrono Boost)  
  118  11:03  Probe (Chrono Boost)  
  78  12:13  Stalker  
  78  12:16  Colossus x2  
  78  12:17  Stalker x2  
  96  12:29  Probe (Chrono Boost)  
  97  12:32  Probe (Chrono Boost)  
  97  12:34  Assimilator  
  97  12:36  Assimilator  
  98  12:39  Stalker  
  98  12:40  Probe (Chrono Boost)  
  98  12:41  Stargate  
  98  12:42  Probe (Chrono Boost)  
  98  12:43  Stargate  
  97  12:47  Stargate, Stalker x2  
  97  12:49  Stargate  
  97  12:50  Probe (Chrono Boost)  
  98  12:57  Twilight Council  
  98  12:58  Protoss Ground Weapons Level 1  
  98  13:01  Probe (Chrono Boost), Pylon  
  98  13:05  Stalker  
  99  13:12  Probe (Chrono Boost)  
  102  13:17  Stalker x2  
  106  13:21  Pylon  
  106  13:22  Probe (Chrono Boost)  
  106  13:26  Pylon  
  107  13:31  Stalker  
  107  13:32  Oracle x4  
  107  13:33  Probe (Chrono Boost)  
  118  13:47  Stalker  
  121  13:49  Mothership Core (Chrono Boost)  
  121  14:06  Probe (Chrono Boost)  
  121  14:07  Oracle x2  
  121  14:08  Oracle  
  131  14:16  Probe (Chrono Boost)  
  106  14:27  Probe (Chrono Boost)  
  107  14:37  Probe (Chrono Boost)  
  104  14:53  Phoenix x2  
  104  14:54  Phoenix x2  
  106  15:18  Phoenix x2  
  110  15:40  Phoenix  
  110  15:41  Phoenix  
  114  15:43  Phoenix x2  
  112  15:54  Nexus  
  112  15:55  Pylon  
  106  16:05  Phoenix  
  106  16:10  Phoenix x2  
  106  16:11  Phoenix  
  108  16:30  Phoenix  
  110  16:35  Phoenix  
  112  16:40  Nexus  
  112  16:41  Pylon  
  112  16:45  Pylon  
Show
View Real Time Build Order
Export as new Build Order

JPlex Terran 

Build Orders: MMM Bio 

Get SALT Encoding   

  12  0:00  SCV  
  13  0:13  SCV  
  14  0:17  Refinery  
  14  0:25  SCV  
  15  0:30  Supply Depot  
  15  0:45  Refinery  
  15  0:51  SCV  
  15  0:55  Barracks  
  16  1:03  SCV  
  17  1:15  SCV  
  18  1:42  SCV  
  18  1:43  Supply Depot  
  18  1:46  Factory  
  19  1:49  Marine  
  20  2:00  SCV  
  21  2:07  Marine  
  22  2:16  Orbital Command  
  22  2:25  Marine  
  23  2:35  Starport  
  23  2:37  Factory Reactor  
  23  2:43  SCV, Marine  
  25  2:55  SCV  
  26  3:13  Viking  
  26  3:16  Cyclone  
  31  3:23  Supply Depot  
  31  3:38  Supply Depot  
  31  3:44  Cyclone  
  31  3:47  Supply Depot  
  34  3:52  Barracks Tech Lab  
  34  3:57  Command Center  
  34  4:13  Supply Depot  
  34  4:20  Marauder  
  36  4:32  Cyclone  
  36  4:34  SCV  
  40  4:42  Marauder  
  42  4:46  SCV  
  43  5:03  Marauder  
  45  5:25  Barracks, Marauder  
  45  5:26  Medivac  
  49  5:38  Orbital Command  
  49  5:46  Marauder  
  51  5:57  Cyclone, Widow Mine  
  56  6:07  Marauder  
  56  6:10  Stimpack  
  52  6:26  Widow Mine  
  52  6:40  SCV x2  
  54  6:52  SCV x2  
  56  7:04  SCV  
  56  7:05  SCV  
  58  7:16  SCV  
  58  7:17  SCV  
  57  7:40  SCV x2  
  59  7:52  SCV  
  59  7:53  SCV  
  61  8:04  SCV  
  61  8:05  SCV  
  63  8:10  Cyclone x2  
  63  8:12  Medivac  
  71  8:17  SCV x2, Barracks Tech Lab  
  71  8:18  Concussive Shells  
  73  8:29  SCV x2  
  75  8:39  Refinery  
  75  8:41  SCV x2  
  77  8:46  Cyclone  
  78  9:01  Combat Shields  
  78  9:18  Command Center  
  78  9:38  Supply Depot  
  78  9:59  SCV x2, Widow Mine x2  
  84  10:01  Supply Depot  
  84  10:05  Liberator  
  84  10:10  Supply Depot  
  84  10:11  SCV  
  84  10:12  SCV  
  86  10:24  SCV x2, Supply Depot  
  86  10:27  Widow Mine  
  93  10:33  Supply Depot  
  93  10:34  Engineering Bay  
  93  10:36  SCV x3  
  93  10:40  Refinery  
  96  10:48  SCV x3, Liberator  
  99  11:00  SCV x3  
  99  11:03  Refinery  
  72  11:12  SCV x2  
  66  11:24  SCV  
  62  11:31  Liberator  
  62  11:32  Cyclone x2  
  47  12:04  Cyclone x2  
  41  12:36  Cyclone x2  
  45  12:59  SCV x3  
  48  13:11  SCV x3  
  51  13:14  Cyclone x2  
  57  13:23  SCV x3  
  60  13:46  Widow Mine  
  62  14:00  Marauder x2  
  66  14:03  SCV  
  66  14:06  SCV x2  
  69  14:21  Marauder x2  
  61  14:43  Marauder  
  60  14:48  Marauder  
  54  15:04  Marauder  
  53  15:09  Marauder  
  37  15:25  Marauder  
  24  15:31  Marauder  
  26  15:37  SCV x2  
  28  15:47  Marauder  
  28  15:49  SCV x2  
  31  16:01  SCV x2  
  31  16:13  SCV x2  
  31  16:14  SCV  
  34  16:25  SCV x2  
  36  16:27  SCV  
  37  16:37  SCV  
Tags
 
Add a new tag
Caveats
  • Supply blocks, unpowered buildings, or Contaminate may cause inaccurate times.
  • Supply counts are checked every 10 seconds.